 Dungeon Crawl Stone Soup version 0.26-a0-597-gb535b0901c (webtiles) character file.

Game seed: 15484597301120664262

(classic levelgen) 2 EnegeticOcto the Shield-Bearer (level 1, -1/20 HPs)
             Began as a Deep Dwarf Fighter on Aug 26, 2020.
             Slain by an orc warrior
             ... wielding a +0 short sword
              (14 damage)
             ... on level 2 of the Dungeon.
             The game lasted 00:00:03 (110 turns).

EnegeticOcto the Shield-Bearer (Deep Dwarf Fighter)  Turns: 110, Time: 00:00:04

Health: -1/20      AC:  6    Str: 19    XL:     1   Next: 33%
Magic:  1/1        EV:  7    Int:  8    God:
Gold:   0          SH:  9    Dex: 12    Spells: 0/0 levels left

rFire    . . .     SeeInvis .   a - +0 war axe
rCold    . . .     Faith    .   c - +0 kite shield
rNeg     . . .     Spirit   .   b - +0 scale mail
rPois    .         Reflect  .   (no helmet)
rElec    .         Harm     .   (no cloak)
rCorr    .                      (no gloves)
MR       .....                  (no boots)
Stlth    ..........             (no amulet)
HPRegen  0.00/turn              (no ring)
MPRegen  0.07/turn              (no ring)

@: non-regenerating
A: damage resistance, heal wounds, sense surroundings 1, no regeneration
a: Heal Wounds


You were on level 2 of the Dungeon.
You visited 1 branch of the dungeon, and saw 2 of its levels.

Inventory:

Hand Weapons
 a - a +0 war axe (weapon)
Armour
 b - a +0 scale mail (worn)
 c - a +0 kite shield (worn)
Potions
 d - a potion of might {@q3}


   Skills:
 + Level 2.7 Fighting
 * Level 2.3 Axes
 + Level 3.3 Armour
 + Level 3.3 Shields


You couldn't memorise any spells.
You didn't know any spells.
Your spell library was empty.

Dungeon Overview and Level Annotations

Branches:
Dungeon (2/15)

Altars:


Innate Abilities, Weirdness & Mutations

You are resistant to damage.
You can heal yourself by infusing magical energy.
You passively map a small area around you.
You do not regenerate.


Message History

Welcome, EnegeticOcto the Deep Dwarf Fighter.
The bosom of this dungeon contains the fabulous artefact, the Orb of Zot.
Press ? for a list of commands and other information.
Found 7 atropa-tipped darts.
Found an escape hatch in the floor.
Found a staircase leading out of the dungeon.
Found a robe.
No target in view!
No target in view!
No target in view!
No target in view!
No target in view!
No target in view!
No target in view!
No target in view!
No target in view!
No target in view!
No target in view!
No target in view!
No target in view!
Found a stone staircase leading down.
A dart slug comes into view.
A dart slug is nearby!
A dart slug is nearby!
The dart slug launches a dart at you. You block the slug dart.
The dart slug launches a dart at you. The slug dart hits you.
Found a stone staircase leading down.
Found a leather armour.
The dart slug closely misses you.
You slash the dart slug!
You kill the dart slug!
No target in view!
No target in view!
No target in view!
No target in view!
No target in view!
No target in view!
No target in view!
No target in view!
No target in view!
No target in view!
No target in view!
No target in view!
No target in view!
No target in view!
No target in view!
No target in view!
No target in view!
No target in view!
No target in view!
No target in view!
No target in view!
No target in view!
(D) Dungeon
Where to? (? - help)
There is a stone staircase leading down here.
You climb downwards.
There is a stone staircase leading up here.
An orc and an orc wizard come into view.
Found 22 sling bullets.
An orc and an orc warrior come into view.
The orc shouts!
The orc wizard points at you and mumbles some strange words.
You resist with significant effort.
Found a spear.
You closely miss the orc.
The orc wizard mumbles some strange words.
The orc wizard blinks!
The orc wizard barely misses you. The orc hits you but does no damage.
You hit the orc wizard but do no damage.
You closely miss the orc. The orc wizard barely misses you.
The orc hits you with a +0 flail.
The orc warrior hits you with a +0 short sword!
Ouch! That really hurt!
You die...

* * , ..#..,* *
* *#...#,* , #
*#.#.#+####
.##........# *
......(...# ,,
**#.#....ยง.# *
* #..oo....## *
#.o@o.....) ,
#######.########
#.......# ,,
#.###...# * ** ,
#.##....+ , ,
#.##....# , ,
#.##....#**,*
#.......+
####....#


You could see an orc warrior, an orc wizard and 2 orcs.

Vanquished Creatures
  A dart slug (D:1)
1 creature vanquished.

Notes
Turn   | Place    | Note
-------+----------+-------------------------------------------
     0 | D:1      | EnegeticOcto the Deep Dwarf Fighter began the quest for the
                  | Orb.
     0 | D:1      | Reached XP level 1. HP: 20/20 MP: 1/1
   106 | D:2      | Noticed an orc wizard
   107 | D:2      | Noticed an orc warrior
   110 | D:2      | Slain by an orc warrior

Illustrated notes

Levels and vault maps discovered:
D:1:      lemuel_arrival_lava_pool, layout_basic
D:2:      layout_basic, uniq_crazy_yiuf_cottage, uniq_robin

Action                   || total
-------------------------++-------
Melee: War axe           ||     3
Armor: Scale mail        ||     1
Dodge: Dodged            ||     3
Block: Kite shield       ||     1

Table legend: (Time is in decaauts)
 A = Elapsed time spent in this place.
 B = Non-inter-level travel time spent in this place.
 C = Inter-level travel time spent in this place.
 D = Time resting spent in this place.
 E = Time spent auto-exploring this place.
 F = Levels seen in this place.
 G = Mean time per level.
                   A        B        C        D        E       F      G
               +--------+--------+--------+--------+--------+-----+--------+
         Total |    110 |    105 |      5 |      0 |     92 |   2 |   55.0 |
       Dungeon |    110 |    105 |      5 |      0 |     92 |   2 |   55.0 |
               +--------+--------+--------+--------+--------+-----+--------+

Top non-repeatable levels by time:
     D:1: 84 daAuts
     D:2: 26 daAuts
